 Dungeon Crawl Stone Soup version 0.29.1-13-g9f3cf754e1 (webtiles) character file.

Game seed: 1684191975118390131

8 Vulpanium the Charlatan (level 2, 0/21 HPs)
             Began as a Human Artificer on Jan 21, 2023.
             Succumbed to a kobold's poison
             ... on level 1 of the Dungeon.
             The game lasted 00:02:39 (544 turns).

Vulpanium the Charlatan (Human Artificer)            Turns: 544, Time: 00:02:40

Health: 0/21       AC:  3    Str: 12    XL:     2   Next: 15%
Magic:  2/2        EV: 11    Int: 11    God:
Gold:   21         SH:  0    Dex: 13    Spells: 1/1 levels left

rFire   . . .      SeeInvis .   a - +0 club
rCold   . . .      Faith    .   (no shield)
rNeg    . . .      Spirit   .   b - +0 leather armour
rPois   .          Reflect  .   (no helmet)
rElec   .          Harm     .   (no cloak)
rCorr   .          Rampage  .   (no gloves)
Will    .....                   (no boots)
Stlth   +.........              (no amulet)
HPRegen 0.07/turn               (no ring)
MPRegen 0.08/turn               (no ring)

@: lethally poisoned (0 -> -19)
A: no striking features
a: no special abilities


You were on level 1 of the Dungeon.
You visited 1 branch of the dungeon, and saw 1 of its levels.

You collected 21 gold pieces.

Inventory:

Hand Weapons
 a - a +0 club (weapon)
Armour
 b - a +0 leather armour (worn)
Wands
 c - a wand of flame (14) (quivered)
 d - a wand of charming (15)
 e - a wand of iceblast (5)
Scrolls
 f - a scroll of identify {unknown}
Potions
 g - a potion of attraction {unknown}
 h - a potion of curing {unknown}


   Skills:
 + Level 1.0 Fighting
 + Level 0.3 Maces & Flails
 + Level 2.0 Armour
 + Level 1.0 Dodging
 + Level 1.0 Stealth
 + Level 3.4 Evocations


You had one spell level left.
You didn't know any spells.
Your spell library was empty.

Dungeon Overview and Level Annotations

Branches:
Dungeon (1/15)

Altars:


Message History

Press: ? - help, Dir - move target, f - you That would be overly suicidal.
Okay, then.
Hit: a) +0 club
Press: ? - help, Dir - move target Your weapon can't reach that far!
Okay, then.
Hit: a) +0 club
Press: ? - help, Dir - move target, f - kobold
Aim: a kobold, wielding a +1 short sword of venom and quivering stones (about 50% to evade your +0 club)
Your weapon can't reach that far!
Okay, then.
The kobold throws a stone.
The stone hits you.
Hit: a) +0 club
Press: ? - help, Dir - move target, f - you
Okay, then.
The kobold barely misses you.
Hit: a) +0 club
Press: ? - help, Dir - move target, f - kobold
Aim: a kobold, wielding a +1 short sword of venom and quivering stones (about 50% to evade your +0 club)
You closely miss the kobold.
The kobold hits you with a +1 short sword of venom.
You are lethally poisoned!
Hit: a) +0 club
Press: ? - help, Dir - move target, f/p - kobold
Aim: a kobold, wielding a +1 short sword of venom and quivering stones (about 50% to evade your +0 club)
You closely miss the kobold.
You feel very sick.
The kobold hits you with a +1 short sword of venom.
Hit: a) +0 club
Press: ? - help, Dir - move target, f/p - kobold
Aim: a kobold, wielding a +1 short sword of venom and quivering stones (about 50% to evade your +0 club)
You hit the kobold but do no damage.
* * * LOW HITPOINT WARNING * * *
You feel very sick. The kobold hits you but does no damage.
You are more poisoned.
You hit the kobold.
You kill the kobold!
You die...

≈~ ≈.. ≈~.###### #####
≈≈~.....# #...# ~~......#
#...# .~~.....###.# #...#
~~......@)..# #...#
#.......###.# ###...#
##.###..## #.....#
##..##### #.#####
#..†...####.######
.########...#...##.##...#
.........##............##
########..........#....#
#..###.........###


There were no monsters in sight!

Vanquished Creatures
  A dart slug (D:1)
  A goblin (D:1)
  2 jackals (D:1)
  A kobold (D:1)
  2 rats (D:1)
7 creatures vanquished.

Notes
Turn   | Place    | Note
-------+----------+-------------------------------------------
     0 | D:1      | Vulpanium the Human Artificer began the quest for the Orb.
     0 | D:1      | Reached XP level 1. HP: 15/15 MP: 1/1
   389 | D:1      | Reached XP level 2. HP: 11/21 MP: 2/2
   544 | D:1      | Succumbed to a kobold's poison

Illustrated notes

Levels and vault maps discovered:
D:1:      saegor_arrival_miasma, layout_rooms, chequers_ecumenical_altar_island

Action                   || total
-------------------------++-------
Melee: Club              ||    35
Evoke: Wand              ||     1
Armor: Leather armour    ||    10
Dodge: Dodged            ||    24
